 Dungeon Crawl Stone Soup version 0.19.3-1-g3169bf9 (console) character file.

574 Kloppie the Skirmisher (level 7, 0/47 HPs)
             Began as a Gargoyle Berserker on Jan 23, 2017.
             Was a Priest of Trog.
             Slain by an iguana (4 damage)
             ... on level 4 of the Dungeon.
             The game lasted 00:04:17 (3969 turns).

Kloppie the Skirmisher (Gargoyle Berserker)         Turns: 3969, Time: 00:04:18

Health: 0/47       AC: 11    Str: 20    XL:     7   Next: 34%
Magic:  7/7        EV: 10    Int:  8    God:    Trog [***...]
Gold:   239        SH:  0    Dex: 11    Spells: 0 memorised, 6 levels left

rFire  . . .     SeeInvis +     a - +0 hand axe
rCold  . . .     Gourm    .     s - +0 scale mail
rNeg   + . .     Faith    .     (no shield)
rPois  ∞         Spirit   .     (no helmet)
rElec  +         Reflect  .     (no cloak)
rCorr  .         Harm     .     (no gloves)
MR     ++...                    (no boots)
Stlth  ..........               (no amulet)
                                (no ring)
                                m - ring of see invisible

@: exhausted, regenerating, slowed, very slow
A: negative energy resistance 1, electricity resistance, unbreathing,
petrification resistance, rot immunity, AC +4
a: Berserk, Trog's Hand, Burn Spellbooks, Renounce Religion


You were on level 4 of the Dungeon.
You worshipped Trog.
Trog was most pleased with you.
You were not hungry.

You visited 1 branch of the dungeon, and saw 4 of its levels.
You also visited: Ossuary.

You collected 239 gold pieces.

Inventory:

Hand Weapons
 a - a +0 hand axe (weapon)
Armour
 s - a +0 scale mail (worn)
Jewellery
 m - a ring of see invisible (left hand)
 w - an uncursed amulet of the gourmand {unknown}
Wands
 u - a wand of paralysis (7/24)
Scrolls
 b - 2 scrolls of recharging {unknown}
 f - 2 scrolls of teleportation {unknown}
 j - 2 scrolls of fog {unknown}
 k - 6 scrolls of identify {unknown}
 l - 2 scrolls of magic mapping {unknown}
 n - a scroll of remove curse {unknown}
 o - 2 scrolls of enchant weapon {unknown}
 p - a scroll of random uselessness {unknown}
 r - 2 scrolls of amnesia {unknown}
 t - a scroll of silence {unknown}
 y - 2 scrolls of immolation {unknown}
 z - a scroll of acquirement {unknown}
 A - a scroll of blinking {unknown}
Potions
 d - 2 potions of brilliance {unknown}
 e - 2 potions of ambrosia {unknown}
 i - 2 potions of berserk rage {unknown}
 q - a potion of heal wounds {unknown}
 v - 4 potions of flight {unknown}
 x - 3 potions of might {unknown}
 B - a potion of curing {unknown}
Comestibles
 c - 2 bread rations
 g - a slice of pizza
 h - 2 beef jerkies
 C - 2 chunks of flesh


   Skills:
 + Level 6.6 Fighting
 + Level 5.7 Axes
 - Level 2.1 Armour
 - Level 1.5 Dodging


You had 6 spell levels left.
You didn't know any spells.

Dungeon Overview and Level Annotations

Branches:
Dungeon (4/15)
 Temple: D:4-7

Altars:
Elyvilon
Kikubaaqudgha
Nemelex Xobeh


Innate Abilities, Weirdness & Mutations

You are resistant to torment.
Your stone body is resilient. (AC +4)
You are immune to poison.
You resist negative energy. (rN+)
You are resistant to electric shocks. (rElec)
You can survive without breathing.
You are immune to petrification.
You are immune to rotting.


Message History

The hound closely misses you.
You hit the hound.
The hound is heavily wounded.
You hit the iguana but do no damage. The hound bites you but does no damage.
The iguana bites you!
* * * LOW HITPOINT WARNING * * *
The hound bites you but does no damage. The iguana bites you.
* * * LOW HITPOINT WARNING * * *
You slash the hound!
You kill the hound!
Trog accepts your kill.
You hit the iguana but do no damage. The iguana bites you!
* * * LOW HITPOINT WARNING * * *
The iguana bites you but does no damage.
You hit the iguana.
The iguana is moderately wounded.
The iguana bites you.
* * * LOW HITPOINT WARNING * * *
The iguana bites you.
You die...

...# ..# #... ##..#
#...# #.#.#
#...####..### .#
##...........## .#
##.........#...##.####
..........#...##..#..#
..##.l..##.....#..#
#..@)##......# .##
##...####....# ##..#
#...# #....###.##.
#.... #.....##.#..
##...# ##......#..8
#...# #..........
#...# #..........
#.... ##.........
###.........


You could see an iguana.

Vanquished Creatures
  2 ogres (D:4)
  A big kobold (D:4)
  A hound (D:4)
  An orc wizard (D:3)
  12 mummies (Ossuary)
  3 adders
  An ooze (D:3)
  A worm (D:2)
  6 dart slugs
  4 leopard geckos
  8 orcs
  A giant cockroach (D:2)
  3 goblins
  8 hobgoblins
  4 jackals
  A quokka (D:3)
  4 bats
  3 frilled lizards
  3 gnoll skeletons (Ossuary)
  6 kobolds
  A kobold skeleton (Ossuary)
  3 orc skeletons (Ossuary)
  6 rats
  11 rat skeletons (Ossuary)
94 creatures vanquished.

Vanquished Creatures (others)
  A goblin skeleton (Ossuary)
1 creature vanquished.

Grand Total: 95 creatures vanquished

Notes
Turn   | Place    | Note
-------+----------+-------------------------------------------
     0 | D:1      | Kloppie the Gargoyle Berserker began the quest for the Orb.
     0 | D:1      | Reached XP level 1. HP: 14/14 MP: 1/1
    83 | D:1      | Reached XP level 2. HP: 16/19 MP: 2/2
   740 | D:1      | Reached XP level 3. HP: 21/24 MP: 3/3
  1063 | D:2      | Reached skill level 4 in Fighting
  1160 | D:2      | Found an ancient bone altar of Kikubaaqudgha.
  1193 | D:2      | Reached ** piety under Trog
  1393 | D:3      | Found a sparkling altar of Nemelex Xobeh.
  1393 | D:3      | Found a faded altar of an unknown god.
  1458 | D:3      | Reached XP level 4. HP: 28/29 MP: 4/4
  1512 | D:3      | Found a white marble altar of Elyvilon.
  1880 | D:3      | Reached XP level 5. HP: 31/34 MP: 5/5
  1958 | D:4      | Noticed an ogre
  1967 | D:4      | Killed an ogre
  1967 | D:4      | Reached skill level 5 in Fighting
  2125 | D:4      | Noticed a big kobold
  2138 | D:4      | Killed a big kobold
  2138 | D:4      | Reached XP level 6. HP: 41/41 MP: 6/6
  2237 | D:4      | Found a sand-covered staircase.
  2246 | Ossuary  | Entered an ossuary
  2464 | Ossuary  | Reached skill level 5 in Axes
  2481 | Ossuary  | Reached *** piety under Trog
  2529 | Ossuary  | Reached skill level 6 in Fighting
  2539 | Ossuary  | HP: 1/61 [mummy (14)]
  3287 | Ossuary  | Reached XP level 7. HP: 26/46 MP: 7/7
  3967 | D:4      | HP: 1/47 [iguana (9)]
  3969 | D:4      | Slain by an iguana

Skill      XL: |  1  2  3  4  5  6 |
---------------+-------------------+-----
Axes           | 3 4 5 |  5.7
Fighting       | 4 5 6 |  6.6
Armour         | |  2.1
Dodging        | |  1.5

Action                   |  1- 3 |  4- 6 |  7- 9 || total
-------------------------+-------+-------+-------++-------
Melee: Hand axe          |   108 |   218 |    48 ||   374
Invok: Berserk           |       |     6 |     1 ||     7
       Trog's Hand       |       |       |     1 ||     1
  Eat: Chunk             |     2 |     6 |       ||     8
       Meat ration       |       |     1 |       ||     1
       Bread ration      |       |       |     1 ||     1
Armor: Animal skin       |    18 |       |       ||    18
       Ring mail         |    22 |       |       ||    22
       Scale mail        |    15 |    67 |    15 ||    97
Dodge: Dodged            |    65 |    81 |    25 ||   171
